Map: Void Training Stage 3

Players

Michael - Winner!

  • Race: Protoss Protoss
  • League: Gold
  • Spawn Location: 12:00

Player 2

  • Race: Zerg Zerg
  • Spawn Location: 6:00

VOD

Have the link to the VOD?

Description

Time

  • Played on: Sept. 9, 2018, 6:53 p.m.
  • Length: 9:49
Show
View Real Time Build Order
Export as new Build Order

Michael Protoss - Winner!

Build Orders:  

Get SALT Encoding   

  1  0:00  Probe  
  12  0:06  Probe  
  14  0:19  Pylon  
  14  0:26  Assimilator  
  14  0:29  Probe  
  15  0:41  Probe  
  16  0:52  Probe  
  16  0:53  Gateway  
  17  1:00  Probe  
  17  1:08  Probe  
  19  1:19  Probe  
  20  1:30  Gateway  
  20  1:31  Probe  
  21  1:32  Pylon  
  21  1:42  Cybernetics Core  
  21  1:44  Probe  
  22  1:48  Assimilator  
  22  1:55  Probe  
  22  1:56  Zealot  
  25  2:04  Probe  
  26  2:15  Warp Gate  
  26  2:21  Probe  
  27  2:23  Zealot  
  29  2:31  Zealot  
  31  2:56  Nexus  
  31  3:34  Probe  
  31  3:36  Pylon  
  30  3:45  Pylon  
  30  3:46  Probe  
  31  3:49  Stargate  
  31  3:51  Gateway  
  31  3:53  Gateway  
  33  3:58  Gateway  
  29  4:41  Void Ray  
  27  4:46  Pylon  
  31  4:56  Stargate  
  31  4:59  Pylon  
  31  5:03  Gateway  
  31  5:04  Pylon  
  31  5:06  Pylon  
  31  5:10  Probe x2  
  33  5:22  Probe  
  33  5:23  Probe  
  33  5:24  Void Ray  
  39  5:33  Pylon  
  39  5:34  Probe  
  39  5:35  Probe  
  41  5:37  Stalker x2  
  41  5:41  Zealot  
  45  5:46  Probe  
  45  5:47  Probe  
  43  5:56  Zealot, Stalker  
  43  5:57  Zealot x2  
  47  5:59  Probe  
  47  6:02  Zealot  
  48  6:08  Void Ray  
  48  6:14  Void Ray  
  56  6:37  Probe x2  
  58  6:49  Probe x2  
  58  6:51  Void Ray  
  64  6:56  Void Ray  
  64  7:01  Probe x2  
  66  7:13  Probe x2  
  68  7:25  Probe x2  
  70  7:39  Void Ray  
  70  7:43  Stalker  
  70  7:44  Stalker x2  
  74  7:45  Stalker x2  
  84  8:08  Zealot  
  86  8:19  Pylon  
  86  8:23  Pylon  
  86  8:37  Void Ray  
  90  8:47  Stalker x2  
  90  8:48  Zealot, Stalker  
  96  8:49  Zealot  
  96  8:54  Void Ray  
  102  9:02  Pylon  
  102  9:05  Pylon  
  102  9:26  Zealot  
  102  9:27  Zealot x3  
  102  9:28  Zealot  
Show
View Real Time Build Order
Export as new Build Order

Player 2 Zerg 

Build Orders: Pool First 

Get SALT Encoding   

  12  0:00  Drone  
  13  0:13  Overlord  
  13  0:18  Drone  
  14  0:31  Drone  
  14  0:34  Drone  
  16  0:44  Spawning Pool  
  16  0:46  Drone  
  16  0:50  Drone  
  16  0:52  Extractor  
  16  0:56  Drone  
  17  1:06  Overlord  
  17  1:31  Queen, Zergling x2  
  20  1:39  Roach Warren, Drone  
  20  1:41  Zergling x2  
  20  1:44  Extractor  
  20  1:50  Drone  
  21  2:00  Drone  
  22  2:10  Overlord  
  22  2:22  Roach  
  24  2:31  Baneling Nest  
  24  2:33  Roach  
  24  2:34  Evolution Chamber  
  24  2:37  Drone  
  24  2:40  Drone  
  24  2:43  Drone  
  27  2:45  Ravager  
  27  2:50  Roach  
  30  2:55  Drone  
  31  3:00  Ravager  
  31  3:05  Overlord  
  32  3:11  Roach  
  34  3:14  Drone  
  34  3:19  Drone  
  36  3:22  Drone  
  37  3:29  Drone  
  38  4:42  Zergling x2  
  38  4:55  Overlord, Drone, Zergling x2, Lair  
  38  4:57  Spore Crawler  
  38  4:58  Drone, Spore Crawler  
  39  5:01  Drone  
  39  5:02  Zergling x2, Baneling  
  41  5:10  Baneling  
  41  5:14  Overlord, Drone, Zergling x2  
  43  5:21  Zergling x2  
  44  5:28  Zergling x2  
  45  5:31  Spine Crawler  
  45  5:33  Drone  
  45  5:41  Spine Crawler  
  45  5:42  Drone  
  45  5:45  Zergling x2  
  45  5:53  Overseer, Queen  
  45  5:54  Overseer, Spire  
  46  6:02  Hydralisk Den  
  46  6:03  Drone  
  36  6:13  Infestation Pit  
  36  6:14  Drone  
  36  6:21  Evolution Chamber  
  36  6:22  Drone  
  36  6:36  Hatchery  
  35  6:45  Drone  
  36  6:47  Overseer  
  36  6:53  Zergling x2  
  35  7:01  Baneling  
  33  7:05  Overseer  
  33  7:08  Zergling x2  
  34  7:09  Overlord  
  34  7:15  Zergling x2  
  34  7:21  Mutalisk  
  34  7:29  Zergling x2  
  33  7:32  Queen  
  33  7:36  Zergling x2  
  34  7:43  Overlord, Zergling x2  
  32  7:51  Drone, Zergling x2  
  31  7:58  Drone, Zergling x2  
  22  8:05  Zergling x2  
  19  8:09  Drone  
  19  8:11  Drone  
  19  8:12  Zergling x2  
  20  8:14  Drone  
  20  8:17  Drone  
  20  8:19  Hydralisk  
  20  8:20  Drone  
  20  8:23  Drone  
  20  8:26  Zergling x2  
  21  8:31  Drone  
  21  8:34  Roach  
  20  8:42  Drone  
  20  8:45  Drone  
  6  9:11  Drone  
  6  9:14  Drone  
  7  9:22  Drone  
  7  9:23  Drone  
Tags
 
Add a new tag
Caveats
  • Supply blocks, unpowered buildings, or Contaminate may cause inaccurate times.
  • Supply counts are checked every 10 seconds.